Map: Catalyst LE

Players

stevedave

  • Race: Terran Terran
  • League: Diamond
  • Spawn Location: 11:00

llIllllIllll - Winner!

  • Race: Protoss Protoss
  • League: Master
  • Spawn Location: 5:00

VOD

Have the link to the VOD?

Description

Time

  • Played on: Dec. 7, 2017, 2:43 p.m.
  • Length: 4:57
Show
View Real Time Build Order
Export as new Build Order

stevedave Terran 

Build Orders:  

Get SALT Encoding   

  12  0:00  SCV  
  13  0:13  SCV  
  14  0:17  Supply Depot  
  14  0:25  SCV  
  15  0:39  SCV  
  15  0:42  Barracks  
  16  0:45  Refinery  
  16  0:55  SCV  
  17  1:07  SCV  
  18  1:19  SCV  
  20  1:33  Barracks  
  19  1:49  Reaper  
  20  1:56  SCV  
  21  2:15  Orbital Command  
  21  2:21  Reaper  
  22  2:29  Reaper  
  2  3:34  SCV  
  2  3:56  SCV  
  1  4:28  SCV  
Show
View Real Time Build Order
Export as new Build Order

llIllllIllll Protoss - Winner!

Build Orders:  

Get SALT Encoding   

  12  0:00  Probe (Chrono Boost)  
  13  0:12  Probe (Chrono Boost)  
  14  0:14  Probe  
  15  0:23  Pylon  
  15  0:41  Probe  
  16  0:54  Probe  
  17  1:06  Nexus  
  17  1:15  Forge  
  17  1:17  Pylon  
  17  1:27  Pylon  
  17  1:34  Probe  
  18  1:45  Pylon  
  18  1:46  Probe  
  19  1:53  Pylon  
  19  1:58  Probe (Chrono Boost)  
  20  2:08  Photon Cannon  
  21  2:10  Probe (Chrono Boost)  
  21  2:12  Photon Cannon  
  21  2:16  Pylon  
  21  2:21  Probe  
  8  2:54  Probe (Chrono Boost)  
  6  3:48  Pylon  
  4  4:22  Probe (Chrono Boost)  
  3  4:36  Probe  
Tags
 
Add a new tag
Caveats
  • Supply blocks, unpowered buildings, or Contaminate may cause inaccurate times.
  • Supply counts are checked every 10 seconds.